WIN
TAMPA BAY (WIN) RAYS @ SAN DIEGO (WIN) PADRES
12/23/2045
 
TOP OF THE 1ST
Tampa Bay (WIN) Rays batting - Pitching for San Diego (WIN) Padres : LHP Randolph Rayner
Pitching: LHP Randolph Rayner
Batting: RHB Jonathan Fraire 0-0: Ball
1-0: Called Strike
1-1: Swinging Strike
1-2: Strikes out swinging
Batting: RHB Paul Landes 0-0: Ball
1-0: Ball
2-0: Called Strike
2-1: Foul Ball, location: 2F
2-2: Foul Ball, location: 2F
2-2: Fly out, F4 (Line Drive, 4, EV 68.8 MPH)
Batting: RHB Steve French 0-0: Foul Ball, location: 2F
0-1: Fly out, F7 (Flyball, 7D, EV 82.5 MPH)
Top of the 1st over - 0 runs, 0 hits, 0 errors, 0 left on base; Tampa Bay (WIN) 0 - San Diego (WIN) 0
BOTTOM OF THE 1ST
San Diego (WIN) Padres batting - Pitching for Tampa Bay (WIN) Rays : RHP Scott Shank
Pitching: RHP Scott Shank
Batting: LHB Chris Moody 0-0: Called Strike
0-1: SINGLE (Line Drive, 34D, EV 94.4 MPH)
Batting: RHB Rodolfo Rivera 0-0: Ball
1-0: Foul Ball, location: 2F
1-1: Ball
2-1: Foul Ball, location: 2F
2-2: Ball
3-2: Foul Ball, location: 2F
3-2: Strikes out swinging
Batting: RHB Juan Martinez 0-0: Ball
1-0: Swinging Strike
1-1: Ball
2-1: Called Strike
Chris Moody steals 2nd base (no throw)
2-2: Strikes out swinging
Batting: SHB Devin Hottenstein 0-0: Ball
1-0: Ball
2-0: Ball
3-0: Base on Balls
Batting: LHB Angel Mejia 0-0: Ball
1-0: Ball
2-0: Swinging Strike
2-1: Swinging Strike
2-2: Foul Ball, location: 2F
2-2: Foul Ball, location: 2F
2-2: Strikes out swinging
Bottom of the 1st over - 0 runs, 1 hit, 0 errors, 2 left on base; Tampa Bay (WIN) 0 - San Diego (WIN) 0
TOP OF THE 2ND
Tampa Bay (WIN) Rays batting - Pitching for San Diego (WIN) Padres : LHP Randolph Rayner
Batting: LHB Mario Ocana 0-0: Ball
1-0: Ground out 5-3 (Groundball, 56S, EV 70.6 MPH)
Batting: RHB Kevin Benfield 0-0: Swinging Strike
0-1: SINGLE (Line Drive, 5D, EV 98.8 MPH)
Batting: SHB Lou Kroneman 0-0: Swinging Strike
0-1: Swinging Strike
0-2: Strikes out swinging
Batting: LHB Mark Marvin 0-0: Swinging Strike
0-1: Foul Ball, location: 2F
0-2: Strikes out swinging
Top of the 2nd over - 0 runs, 1 hit, 0 errors, 1 left on base; Tampa Bay (WIN) 0 - San Diego (WIN) 0
BOTTOM OF THE 2ND
San Diego (WIN) Padres batting - Pitching for Tampa Bay (WIN) Rays : RHP Scott Shank
Batting: SHB Adam Martin 0-0: Ball
1-0: Swinging Strike
1-1: Ball
2-1: Foul Ball, location: 2F
2-2: Ball
3-2: SINGLE (Groundball, 56S, EV 61.9 MPH) (infield hit)
Batting: LHB Joseph Martin 0-0: Called Strike
0-1: Ball
1-1: Foul Ball, location: 2F
1-2: Foul Ball, location: 2F
1-2: Fly out, F9 (Flyball, 89M, EV 86.9 MPH)
Batting: LHB Josh Slusarczyk 0-0: Called Strike
0-1: Ball
1-1: Called Strike
Adam Martin is caught stealing 2nd base 2-6
1-2: Strikes out looking
Bottom of the 2nd over - 0 runs, 1 hit, 0 errors, 0 left on base; Tampa Bay (WIN) 0 - San Diego (WIN) 0
TOP OF THE 3RD
Tampa Bay (WIN) Rays batting - Pitching for San Diego (WIN) Padres : LHP Randolph Rayner
Batting: LHB Jake Rheaume 0-0: Ball
1-0: Foul Ball, location: 2F
1-1: Foul Ball, location: 2F
1-2: Ball
2-2: Ball
3-2: Base on Balls
Batting: RHB Kevin Kush 0-0: Ball
1-0: Fly out, F8 (Flyball, 8LM, EV 90.0 MPH)
Batting: RHB Jonathan Fraire 0-0: Ball
1-0: Ball
2-0: SINGLE (Line Drive, 4M, EV 99.4 MPH)
Jake Rheaume to second
Batting: RHB Paul Landes 0-0: Called Strike
0-1: Ball
1-1: Foul Ball, location: 2F
1-2: Foul Ball, location: 2F
1-2: Ball
2-2: Foul Ball, location: 2F
2-2: Foul Ball, location: 2F
2-2: Strikes out swinging
Batting: RHB Steve French 0-0: Ball
1-0: Ball
2-0: Ball
3-0: Base on Balls
Jake Rheaume to third
Jonathan Fraire to second
Batting: LHB Mario Ocana 0-0: Called Strike
0-1: Ball
1-1: Ball
2-1: Ball
3-1: Base on Balls
Jake Rheaume scores
Jonathan Fraire to third
Steve French to second
Batting: RHB Kevin Benfield 0-0: DOUBLE (Line Drive, 7LS, EV 88.8 MPH)
Jonathan Fraire scores
Steve French scores
Mario Ocana to third
Runner from 3rd tries for Home, SAFE, throw by LF to trailing runner, SAFE at third!
Batting: SHB Lou Kroneman 0-0: Swinging Strike
0-1: Swinging Strike
0-2: Ball
1-2: Ball
2-2: Strikes out swinging
Top of the 3rd over - 4 runs, 2 hits, 0 errors, 1 left on base; Tampa Bay (WIN) 4 - San Diego (WIN) 0
BOTTOM OF THE 3RD
San Diego (WIN) Padres batting - Pitching for Tampa Bay (WIN) Rays : RHP Scott Shank
Batting: RHB Bryan Pitcher 0-0: Foul Ball, location: 2F
0-1: Foul Ball, location: 2F
0-2: Ball
1-2: Ground out 6-3 (Groundball, 56, EV 103.8 MPH)
Batting: LHB Chris Moody 0-0: Ball
1-0: Ball
2-0: Swinging Strike
2-1: Called Strike
2-2: Ball
3-2: SINGLE (Groundball, 56D, EV 101.9 MPH)
Batting: RHB Rodolfo Rivera Pickoff Throw to First - Out! 1-3
0-0: Called Strike
0-1: Called Strike
0-2: Strikes out swinging
Bottom of the 3rd over - 0 runs, 1 hit, 0 errors, 0 left on base; Tampa Bay (WIN) 4 - San Diego (WIN) 0
TOP OF THE 4TH
Tampa Bay (WIN) Rays batting - Pitching for San Diego (WIN) Padres : LHP Randolph Rayner
Batting: LHB Mark Marvin 0-0: Ball
1-0: Ball
2-0: Foul Ball, location: 2F
2-1: DOUBLE (Line Drive, 78D, EV 96.9 MPH)
Batting: LHB Jake Rheaume 0-0: Swinging Strike
0-1: Called Strike
0-2: SINGLE (Line Drive, 4D, EV 100.0 MPH)
Mark Marvin to third
Batting: RHB Kevin Kush 0-0: Ball
1-0: Ball
2-0: Called Strike
2-1: Ball
3-1: Fly out, F8 (Flyball, 89M, EV 98.1 MPH)
Runner from 3rd tags up, SCORES, throw by CF
Batting: RHB Jonathan Fraire 0-0: Foul Ball, location: 2F
0-1: Foul Ball, location: 2F
0-2: Ground out 4-3 (Groundball, 4S, EV 70.0 MPH)
Jake Rheaume to second
Batting: RHB Paul Landes 0-0: Ball
1-0: Foul Ball, location: 2F
1-1: Ball
2-1: Ball
3-1: Foul Ball, location: 2F
3-2: Ground out 6-3 (Groundball, 6, EV 81.9 MPH)
Top of the 4th over - 1 run, 2 hits, 0 errors, 1 left on base; Tampa Bay (WIN) 5 - San Diego (WIN) 0
BOTTOM OF THE 4TH
San Diego (WIN) Padres batting - Pitching for Tampa Bay (WIN) Rays : RHP Scott Shank
Batting: RHB Juan Martinez 0-0: Ball
1-0: Ball
2-0: Ball
3-0: Base on Balls
Batting: SHB Devin Hottenstein 0-0: Called Strike
0-1: Swinging Strike
0-2: Ball
1-2: Strikes out swinging
Batting: LHB Angel Mejia 0-0: Fielders Choice at 2nd, 4-6 (Groundball, 34, EV 91.2 MPH)
Batting: SHB Adam Martin 0-0: Ground out U3 (Groundball, 3, EV 88.1 MPH)
Bottom of the 4th over - 0 runs, 0 hits, 0 errors, 1 left on base; Tampa Bay (WIN) 5 - San Diego (WIN) 0
TOP OF THE 5TH
Tampa Bay (WIN) Rays batting - Pitching for San Diego (WIN) Padres : LHP Randolph Rayner
Batting: RHB Steve French 0-0: Called Strike
0-1: Called Strike
0-2: Ball
1-2: Strikes out swinging
Batting: LHB Mario Ocana 0-0: Ball
1-0: Called Strike
1-1: Foul Ball, location: 2F
1-2: Strikes out swinging
Batting: RHB Kevin Benfield 0-0: Called Strike
0-1: Ball
1-1: Foul Ball, location: 2F
1-2: Ball
2-2: Foul Ball, location: 2F
2-2: Ball
3-2: Fly out, F5 (Popup, 5SF, EV 78.8 MPH)
Top of the 5th over - 0 runs, 0 hits, 0 errors, 0 left on base; Tampa Bay (WIN) 5 - San Diego (WIN) 0
BOTTOM OF THE 5TH
San Diego (WIN) Padres batting - Pitching for Tampa Bay (WIN) Rays : RHP Scott Shank
Batting: LHB Joseph Martin 0-0: Ball
1-0: Called Strike
1-1: Ball
2-1: Ball
3-1: Foul Ball, location: 2F
3-2: Base on Balls
Batting: LHB Josh Slusarczyk 0-0: Grounds into double play, 4-6-3 (Groundball, 4, EV 105.6 MPH)
Batting: RHB Bryan Pitcher 0-0: Foul Ball, location: 2F
0-1: Fly out, F7 (Flyball, 78S, EV 89.4 MPH)
Bottom of the 5th over - 0 runs, 0 hits, 0 errors, 0 left on base; Tampa Bay (WIN) 5 - San Diego (WIN) 0
TOP OF THE 6TH
Tampa Bay (WIN) Rays batting - Pitching for San Diego (WIN) Padres : LHP Randolph Rayner
Pitching: RHP Chris Leavitt
Batting: SHB Lou Kroneman 0-0: Called Strike
0-1: SINGLE (Groundball, 6D, EV 103.1 MPH)
Batting: LHB Mark Marvin 0-0: Ball
1-0: Foul Ball, location: 2F
1-1: Ball
2-1: Swinging Strike
2-2: Fielders Choice at 2nd, 1-6 (Groundball, 13S, EV 68.8 MPH)
Batting: LHB Jake Rheaume 0-0: Called Strike
0-1: Called Strike
Mark Marvin is caught stealing 2nd base 2-6
0-2: Ball
1-2: Ground out 5-3 (Groundball, 56S, EV 90.6 MPH)
Top of the 6th over - 0 runs, 1 hit, 0 errors, 0 left on base; Tampa Bay (WIN) 5 - San Diego (WIN) 0
BOTTOM OF THE 6TH
San Diego (WIN) Padres batting - Pitching for Tampa Bay (WIN) Rays : RHP Scott Shank
Batting: LHB Chris Moody 0-0: Ball
1-0: Fly out, F8 (Flyball, 8RD, EV 78.1 MPH)
Batting: RHB Rodolfo Rivera 0-0: Called Strike
0-1: Swinging Strike
0-2: Strikes out looking
Batting: RHB Juan Martinez 0-0: Foul Ball, location: 2F
0-1: Ball
1-1: Ball
2-1: Called Strike
2-2: Foul Ball, location: 2F
2-2: Foul Ball, location: 2F
2-2: Foul Ball, location: 2F
2-2: DOUBLE (Line Drive, 78D, EV 106.9 MPH)
Batting: SHB Devin Hottenstein 0-0: Ball
1-0: Foul Ball, location: 2F
1-1: Ball
2-1: Foul Ball, location: 2F
2-2: Foul Ball, location: 2F
2-2: Ball
3-2: Strikes out swinging
Bottom of the 6th over - 0 runs, 1 hit, 0 errors, 1 left on base; Tampa Bay (WIN) 5 - San Diego (WIN) 0
TOP OF THE 7TH
Tampa Bay (WIN) Rays batting - Pitching for San Diego (WIN) Padres : RHP Chris Leavitt
Batting: RHB Kevin Kush 0-0: Ball
1-0: Ball
2-0: Swinging Strike
2-1: Foul Ball, location: 2F
2-2: Strikes out swinging
Batting: RHB Jonathan Fraire 0-0: Swinging Strike
0-1: Ball
1-1: Ground out 1-3 (Groundball, 25, EV 73.8 MPH)
Batting: RHB Paul Landes 0-0: Foul Ball, location: 2F
0-1: Swinging Strike
0-2: Ball
1-2: Ground out U3 (Groundball, 34S, EV 83.8 MPH)
Top of the 7th over - 0 runs, 0 hits, 0 errors, 0 left on base; Tampa Bay (WIN) 5 - San Diego (WIN) 0
BOTTOM OF THE 7TH
San Diego (WIN) Padres batting - Pitching for Tampa Bay (WIN) Rays : RHP Scott Shank
Batting: LHB Angel Mejia 0-0: Called Strike
0-1: Foul Ball, location: 2F
0-2: Ball
1-2: Ball
2-2: Fly out, F8 (Flyball, 78M, EV 96.9 MPH)
Batting: SHB Adam Martin 0-0: Ball
1-0: Ball
2-0: Called Strike
2-1: Swinging Strike
2-2: Strikes out swinging
Batting: LHB Joseph Martin 0-0: Called Strike
0-1: SINGLE (Groundball, 56D, EV 101.9 MPH) (infield hit)
Batting: LHB Josh Slusarczyk 0-0: Called Strike
0-1: Called Strike
0-2: Strikes out swinging
Bottom of the 7th over - 0 runs, 1 hit, 0 errors, 1 left on base; Tampa Bay (WIN) 5 - San Diego (WIN) 0
TOP OF THE 8TH
Tampa Bay (WIN) Rays batting - Pitching for San Diego (WIN) Padres : RHP Chris Leavitt
Batting: RHB Steve French 0-0: Foul Ball, location: 2F
0-1: Called Strike
0-2: Strikes out swinging
Batting: LHB Mario Ocana 0-0: Ball
1-0: Foul Ball, location: 2F
1-1: Swinging Strike
1-2: Foul Ball, location: 2F
1-2: Ball
2-2: Ball
3-2: Foul Ball, location: 2F
3-2: Foul Ball, location: 2F
3-2: Foul Ball, location: 2F
3-2: Base on Balls
Pitching: RHP Andy Dunmire
Batting: RHB Kevin Benfield 0-0: Called Strike
0-1: SINGLE (Line Drive, 6MD, EV 93.8 MPH)
Mario Ocana to second
Batting: SHB Lou Kroneman 0-0: Called Strike
0-1: Foul Ball, location: 2F
0-2: Ball
1-2: Strikes out swinging
Batting: LHB Mark Marvin 0-0: Foul Ball, location: 2F
0-1: Swinging Strike
0-2: Ball
1-2: SINGLE (Groundball, 34D, EV 95.0 MPH)
Mario Ocana to third
Kevin Benfield to second
Runner from 3rd tries for Home, SAFE, throw by RF to home
Batting: LHB Jake Rheaume 0-0: Ball
1-0: Ball
2-0: Ball
3-0: Called Strike
3-1: SINGLE (Line Drive, 56D, EV 105.0 MPH)
Kevin Benfield to third
Mark Marvin to second
Batting: RHB Kevin Kush 0-0: Called Strike
0-1: Swinging Strike
0-2: Ball
1-2: Foul Ball, location: 2F
1-2: Strikes out swinging
Top of the 8th over - 1 run, 3 hits, 0 errors, 3 left on base; Tampa Bay (WIN) 6 - San Diego (WIN) 0
BOTTOM OF THE 8TH
San Diego (WIN) Padres batting - Pitching for Tampa Bay (WIN) Rays : RHP Scott Shank
Pitching: RHP Kyle Thomas
Batting: RHB Bryan Pitcher 0-0: Called Strike
0-1: Hit by Pitch
Batting: LHB Chris Moody 0-0: Called Strike
0-1: Fly out, F7 (Flyball, 7LSF, EV 88.8 MPH)
Batting: RHB Rodolfo Rivera 0-0: SINGLE (Line Drive, 5D, EV 96.2 MPH)
Bryan Pitcher to second
Batting: RHB Juan Martinez 0-0: Ball
1-0: Ball
2-0: TRIPLE (Flyball, 78XD, EV 92.5 MPH)
Bryan Pitcher scores
Rodolfo Rivera scores
Batting: SHB Devin Hottenstein 0-0: Called Strike
0-1: Ball
1-1: Foul Ball, location: 2F
1-2: Fly out, F7 (Line Drive, 7, EV 91.9 MPH)
Runner from 3rd tags up, SCORES, no throw by LF
Pitching: RHP Al Speer
Batting: LHB Angel Mejia 0-0: Ground out 4-3 (Groundball, 4, EV 83.1 MPH)
Bottom of the 8th over - 3 runs, 2 hits, 0 errors, 0 left on base; Tampa Bay (WIN) 6 - San Diego (WIN) 3
TOP OF THE 9TH
Tampa Bay (WIN) Rays batting - Pitching for San Diego (WIN) Padres : RHP Andy Dunmire
Batting: RHB Jonathan Fraire 0-0: Ball
1-0: Swinging Strike
1-1: Fly out, F7 (Flyball, 7, EV 71.2 MPH)
Batting: RHB Paul Landes 0-0: Called Strike
0-1: Foul Ball, location: 2F
0-2: Strikes out swinging
Batting: RHB Steve French 0-0: Ball
1-0: Ball
2-0: Ball
3-0: Base on Balls
Batting: LHB Mario Ocana 0-0: Foul Ball, location: 2F
0-1: Ball
1-1: Swinging Strike
1-2: Foul Ball, location: 2F
1-2: Ball
2-2: Foul Ball, location: 2F
2-2: Foul Ball, location: 2F
2-2: Strikes out swinging
Top of the 9th over - 0 runs, 0 hits, 0 errors, 1 left on base; Tampa Bay (WIN) 6 - San Diego (WIN) 3
BOTTOM OF THE 9TH
San Diego (WIN) Padres batting - Pitching for Tampa Bay (WIN) Rays : RHP Al Speer
Pitching: RHP Nelson Dawson
Batting: SHB Adam Martin 0-0: Foul Ball, location: 2F
0-1: Foul Ball, location: 2F
0-2: Foul Ball, location: 2F
0-2: Foul Ball, location: 2F
0-2: Strikes out looking
Batting: LHB Joseph Martin 0-0: Foul Ball, location: 2F
0-1: Ball
1-1: Ball
2-1: Foul Ball, location: 2F
2-2: Ball
3-2: Strikes out swinging
Batting: LHB Josh Slusarczyk 0-0: Called Strike
0-1: SOLO HOME RUN (Flyball, 9D, EV 104.4 MPH), Distance : 391 ft
Batting: RHB Bryan Pitcher 0-0: Called Strike
0-1: Ball
1-1: Foul Ball, location: 2F
1-2: Ball
2-2: Ball
3-2: Strikes out swinging
Bottom of the 9th over - 1 run, 1 hit, 0 errors, 0 left on base; Tampa Bay (WIN) 6 - San Diego (WIN) 4
Wednesday, June 22nd , 2022 - OOTP Baseball 23.4 Build 64